 Dungeon Crawl Stone Soup version 0.20.1-1-g8b1a95d (webtiles) character file.

26035 happy2pester the Severer (level 13, -5/114 HPs)
             Began as a Hill Orc Fighter on Dec 30, 2017.
             Was a Priest of Beogh.
             Slain by a skeletal warrior
             ... wielding a +0 trident
             ... led by a skeletal warrior
              (6 damage)
             ... on level 15 of the Dungeon on Dec 31, 2017.
             The game lasted 00:34:41 (13337 turns).

happy2pester the Severer (Hill Orc Fighter)        Turns: 13337, Time: 00:34:42

Health: -5/114     AC: 15    Str: 27    XL:     13   Next: 23%
Magic:  13/13      EV: 14    Int: 10    God:    Beogh [***...]
Gold:   399        SH: 16    Dex: 16    Spells: 12/12 levels left

rFire    + . .     SeeInvis .   a - +5 war axe
rCold    + + .     Gourm    .   c - +3 shield
rNeg     . . .     Faith    .   m - +1 ring mail of Mumblety Peg {rC++ MR- Dex+6}
rPois    .         Spirit   .   E - +2 helmet of the Hundredfold Wars {rF+}
rElec    .         Reflect  .   n - +0 cloak
rCorr    .         Harm     .   h - +0 pair of gloves
MR       .....                  z - +0 pair of boots
Stlth    +++.......             (no amulet)
Regen    0.3/turn               l - ring of stealth
MPRegen  0.2/turn               A - +5 ring of slaying

@: mighty
A: no striking features
a: Smiting, Renounce Religion


You were on level 15 of the Dungeon.
You worshipped Beogh.
Beogh was most pleased with you.
You were not hungry.

You visited 2 branches of the dungeon, and saw 16 of its levels.

You collected 798 gold pieces.
You spent 399 gold pieces at shops.

Inventory:

Hand Weapons
 a - a +5 war axe (weapon)
 r - the +3 dagger "Fisime" {holy, rElec rF+ rN+ Dex+4}
   (You found it on level 4 of the Dungeon)

   It has been blessed by the Shining One to cause great damage to the undead
   and demons.
   It affects your dexterity (+4).
   It protects you from fire.
   It insulates you from electricity.
   It protects you from negative energy.
 I - a +3 demon trident of draining
 R - a +2 scimitar of flaming
Missiles
 B - 7 tomahawks (quivered)
 J - 4 javelins
Armour
 b - a +2 scale mail
 c - a +3 shield (worn)
 h - a +0 pair of gloves (worn)
 m - the +1 ring mail of Mumblety Peg (worn) {rC++ MR- Dex+6}
   (You found it on level 4 of the Dungeon)

   It affects your dexterity (+6).
   It greatly protects you from cold.
   It affects your resistance to hostile enchantments.
 n - a +0 cloak (worn)
 v - a +2 hat
 z - a +0 pair of boots (worn)
 E - the +2 helmet of the Hundredfold Wars (worn) {rF+}
   (You found it on level 9 of the Dungeon)

   It protects you from fire.
Jewellery
 l - a ring of stealth (left hand)
 A - a +5 ring of slaying (right hand)
 C - an uncursed ring of poison resistance
 L - an uncursed ring of positive energy
 S - a +2 ring of evasion
Wands
 e - a wand of disintegration (17/24)
 i - a wand of polymorph (21/24)
 j - a wand of iceblast (1/15)
 y - a wand of polymorph (2/24)
 D - a wand of acid (4/15)
 G - a wand of polymorph (10/24)
 K - a wand of confusion (14/48)
 N - a wand of scattershot (2/9)
 O - a wand of random effects (24/48)
 P - a wand of confusion (38/48)
Scrolls
 k - 8 scrolls of remove curse
 o - 3 scrolls of fog
 s - a scroll of teleportation
 w - a scroll of holy word
 x - 3 scrolls of immolation
 Q - 3 scrolls of blinking
 U - a scroll of identify
 V - a scroll of silence {unknown}
Potions
 p - a potion of brilliance
 F - a potion of haste
 H - 2 potions of agility
Books
 u - a book of Flames

   Spells                             Type                      Level
   a - Flame Tongue                   Conjuration/Fire             1
   b - Throw Flame                    Conjuration/Fire             2
   c - Conjure Flame                  Conjuration/Fire             3
   d - Inner Flame                    Hexes/Fire                   3
   e - Sticky Flame                   Conjuration/Fire             4
   f - Fireball                       Conjuration/Fire             5
 T - a book of Party Tricks

   Spells                             Type                      Level
   a - Summon Butterflies             Summoning                    1
   b - Apportation                    Translocation                1
   c - Lesser Beckoning               Translocation                3
   d - Tukima's Dance                 Hexes                        3
   e - Alistair's Intoxication        Transmutation/Poison         5
   f - Invisibility                   Hexes                        6
Comestibles
 d - 7 royal jellies
 f - 11 bread rations
 g - 9 meat rations
 q - 3 fruits


   Skills:
 + Level 10.7 Fighting
 + Level 16.3 Axes
 + Level 5.9 Throwing
 + Level 8.4 Armour
 + Level 5.1 Dodging
 + Level 3.5 Stealth
 + Level 11.1 Shields
 + Level 1.1 Evocations


You had 12 spell levels left.
You didn't know any spells.

Dungeon Overview and Level Annotations

Branches:
Dungeon (15/15)            Temple (1/1) D:5            Lair (0/6) D:11
    Orc (0/2) D:11         Vaults (0/5) D:13
 Depths: D:15

Altars:
Ashenzari
Cheibriados
Dithmenos
Elyvilon
Fedhas
Gozag
Hepliaklqana
Kikubaaqudgha
Makhleb
Nemelex Xobeh
Okawaru
Qazlal
Ru
Sif Muna
Trog
Uskayaw
Vehumet
Xom
Yredelemnul
Zin
The Shining One

Shops:
D:9 ([?**

Portals:
Trove: D:11 (show abyssal rune of Zot)


Message History

The skeletal warrior is heavily damaged.
The skeletal warrior hits you from afar with an enchanted glaive!
* * * LOW HITPOINT WARNING * * *
You hit the skeletal warrior.
The skeletal warrior is heavily damaged.
You block the skeletal warrior's attack.
You slash the skeletal warrior!
The skeletal warrior is severely damaged.
The skeletal warrior hits you with a short sword.
* * * LOW HITPOINT WARNING * * *
The skeletal warrior closely misses you.
You feel very mighty all of a sudden.
You block the skeletal warrior's attack. x2
You slice the skeletal warrior!!
You destroy the skeletal warrior!
Beogh accepts your kill.
The skeletal warrior hits you with an enchanted glaive!!
* * * LOW HITPOINT WARNING * * *
The skeletal warrior hits you from afar with a trident.
You die...

##.......##
#.........#
+.........+
#.........#
#.......# #.....#
#zz†# #z# #@# #.#
##.## ####...###
#........#
.#######.......#.#
.......<...#.##....
############.#
##### #.#


You could see 3 skeletal warriors.

Vanquished Creatures
  Azrael (D:14)
  4 vault guards (D:13)
  A hydra (D:14)
  Erica (D:11)
  3 two-headed ogres
  A tengu warrior (D:13)
  Urug (D:11)
  2 skeletal warriors (D:15)
  Pikel (D:4)
  A deep elf mage (D:14)
  3 slime creatures (D:12)
  2 cyclopes (D:11)
  3 ugly things
  2 centaur zombies
  A gargoyle (D:14)
  3 centaur skeletons
  3 trolls
  Grinder (D:3)
  4 hippogriffs
  Sigmund (D:2)
  3 yaks (D:13)
  3 wyverns
  A shadow (D:13)
  A basilisk (D:14)
  Eustachio (D:4)
  Grum (D:11)
  7 vampire mosquitoes
  3 hungry ghosts
  2 soldier ants (D:13)
  An acid dragon (D:11)
  Duvessa (D:6)
  A swamp drake (D:11)
  An eye of draining (D:10)
  5 hell hounds (D:14)
  3 ice beasts
  4 sky beasts
  A black bear (D:8)
  7 orc warriors
  2 necrophages
  6 ogres
  A phantom (D:4)
  2 wolves (D:11)
  3 centaurs
  2 crocodiles (D:11)
  A big kobold (D:9)
  Blork the orc (D:4)
  3 bullfrogs
  A wyvern skeleton (D:8)
  Dowan (D:6)
  A water moccasin skeleton (D:4)
  4 scorpions
  8 killer bees
  5 wights (D:7)
  7 howler monkeys
  6 crimson imps
  11 hounds
  5 jellies
  8 orc wizards
  A bullfrog skeleton (D:13)
  4 orc priests
  Crazy Yiuf (D:2)
  Jessica (D:3)
  4 iguanas
  Natasha (D:3)
  7 worker ants
  2 killer bee zombies
  A hound zombie (D:6)
  2 hound skeletons
  2 worker ant zombies (D:7)
  A howler monkey skeleton (D:11)
  4 gnolls (D:3)
  16 adders
  3 shadow imps
  3 oozes
  An adder skeleton (D:6)
  2 worms (D:3)
  2 leopard geckos
  35 orcs
  5 giant cockroaches
  8 goblins
  10 hobgoblins
  7 jackals
  12 kobolds
  6 quokkas
  7 bats
  6 frilled lizards
  A jackal zombie (D:7)
  A leopard gecko skeleton (D:3)
  2 quokka skeletons
  7 rats
328 creatures vanquished.

Vanquished Creatures (others)
  An orc wizard (D:15)
  A slave (D:4)
  An orc (D:9)
  A frilled lizard (D:4)
4 creatures vanquished.

Grand Total: 332 creatures vanquished

Notes
Turn   | Place    | Note
-------+----------+-------------------------------------------
     0 | D:1      | happy2pester the Hill Orc Fighter began the quest for the Orb.
     0 | D:1      | Reached XP level 1. HP: 19/19 MP: 1/1
   130 | D:1      | Reached XP level 2. HP: 27/27 MP: 2/2
   334 | D:1      | Reached XP level 3. HP: 33/33 MP: 3/3
   672 | D:2      | Found a shattered altar of Ashenzari.
   682 | D:2      | Reached skill level 3 in Axes
   811 | D:2      | Found a blossoming altar of Fedhas.
   890 | D:2      | Reached XP level 4. HP: 33/40 MP: 4/4
   992 | D:2      | Found a runed door.
   996 | D:2      | Noticed Crazy Yiuf
   999 | D:2      | Killed Crazy Yiuf
  1136 | D:2      | Noticed Sigmund
  1165 | D:2      | Killed Sigmund
  1165 | D:2      | Reached skill level 4 in Axes
  1165 | D:2      | Reached XP level 5. HP: 11/47 MP: 5/5
  1165 | D:2      | Reached XP level 6. HP: 13/55 MP: 6/6
  1519 | D:2      | Found an iron altar of Okawaru.
  1767 | D:2      | Found a deep blue altar of Sif Muna.
  1865 | D:3      | Found a transporter.
  1877 | D:3      | Reached skill level 5 in Axes
  1939 | D:3      | Noticed Grinder
  1955 | D:3      | Killed Grinder
  1955 | D:3      | Reached skill level 5 in Fighting
  1955 | D:3      | Reached skill level 6 in Axes
  1955 | D:3      | Reached skill level 5 in Shields
  1955 | D:3      | Reached XP level 7. HP: 25/61 MP: 7/7
  2010 | D:3      | Noticed Natasha
  2016 | D:3      | Reached skill level 1 in Dodging
  2021 | D:3      | Killed Natasha
  2297 | D:3      | Found a transporter.
  2301 | D:3      | Found a glowing golden altar of the Shining One.
  2444 | D:3      | Noticed Jessica
  2447 | D:3      | Reached skill level 5 in Armour
  2457 | D:3      | Killed Jessica
  2631 | D:4      | Got an ichor-stained dagger
  2706 | D:4      | Identified the +3 dagger "Fisime" {holy, rElec rF+ rN+ Dex+4} (You found it on level 4 of the Dungeon)
  2734 | D:4      | Noticed Eustachio
  2754 | D:4      | Killed Eustachio
  2754 | D:4      | Reached skill level 7 in Axes
  2754 | D:4      | Reached XP level 8. HP: 48/69 MP: 8/8
  2923 | D:4      | Noticed Pikel
  2939 | D:4      | Killed Pikel
  2939 | D:4      | Reached skill level 9 in Axes
  2969 | D:4      | Got a scorched ring mail
  3207 | D:4      | Identified the +1 ring mail of Mumblety Peg {rC++ MR- Dex+6} (You found it on level 4 of the Dungeon)
  3305 | D:4      | Noticed Blork the orc
  3313 | D:4      | Killed Blork the orc
  3533 | D:5      | Entered Level 5 of the Dungeon
  3544 | D:5      | Reached XP level 9. HP: 53/75 MP: 9/9
  3673 | D:5      | Found a burning altar of Makhleb.
  3687 | D:5      | Reached skill level 10 in Axes
  4132 | D:5      | Found a staircase to the Ecumenical Temple.
  4313 | Temple   | Entered the Ecumenical Temple
  4483 | D:6      | Noticed Dowan
  4487 | D:6      | Noticed Duvessa
  4492 | D:6      | Killed Dowan
  4498 | D:6      | Killed Duvessa
  4498 | D:6      | Reached skill level 1 in Throwing
  5011 | D:7      | Found an opulent altar of Gozag.
  5191 | D:7      | Reached skill level 1 in Stealth
  5302 | D:7      | Reached skill level 11 in Axes
  6266 | D:8      | Reached XP level 10. HP: 62/84 MP: 10/10
  6407 | D:8      | Found a stormy altar of Qazlal.
  6830 | D:8      | Found a snail-covered altar of Cheibriados.
  6830 | D:8      | Found a burning altar of Makhleb.
  6831 | D:8      | Found a basalt altar of Yredelemnul.
  6921 | D:8      | Found a sparkling altar of Nemelex Xobeh.
  7002 | D:9      | Found Nucezav's Weapon Boutique.
  7005 | D:9      | Found a glowing silver altar of Zin.
  7348 | D:9      | Found Egivuhacvu's General Store.
  7356 | D:9      | Found Xem Coic's Magic Scroll Boutique.
  7371 | D:9      | Became a worshipper of Beogh the Brigand
  7392 | D:9      | Bought a scroll of identify for 26 gold pieces
  7392 | D:9      | Bought a scroll of identify for 26 gold pieces
  7392 | D:9      | Bought a scroll of identify for 26 gold pieces
  7569 | D:9      | Reached skill level 12 in Axes
  7610 | D:9      | Bought an uncursed ring of poison resistance for 300 gold pieces
  7768 | D:9      | Found Imeam's Assorted Antiques.
  7779 | D:9      | Found Witau's Antique Armour Shop.
  7780 | D:9      | Bought a scroll labeled QOQ TASHRIGG for 21 gold pieces
  7870 | D:9      | Got an ichor-stained helmet
  7871 | D:9      | Identified the +2 helmet of the Hundredfold Wars {rF+} (You found it on level 9 of the Dungeon)
  8064 | D:10     | Entered Level 10 of the Dungeon
  8082 | D:10     | Noticed a two-headed ogre
  8092 | D:10     | Killed a two-headed ogre
  8857 | D:11     | Noticed Grum
  8859 | D:11     | Noticed a cyclops
  8873 | D:11     | Killed Grum
  8879 | D:11     | Killed a cyclops
  8879 | D:11     | Reached skill level 13 in Axes
  8879 | D:11     | Reached XP level 11. HP: 65/94 MP: 11/11
  8993 | D:11     | Noticed Urug
  9004 | D:11     | Killed Urug
  9030 | D:11     | Reached * piety under Beogh
  9058 | D:11     | Found a staircase to the Lair.
  9225 | D:11     | Noticed Erica
  9242 | D:11     | Killed Erica
  9293 | D:11     | Noticed a red ugly thing
  9563 | D:11     | Killed a red ugly thing
  9769 | D:11     | Noticed a cyclops
  9823 | D:11     | Killed a cyclops
 10365 | D:11     | Reached skill level 14 in Axes
 10380 | D:11     | Found a staircase to the Orcish Mines.
 10523 | D:11     | Found a portal to a secret trove of treasure.
 10629 | D:12     | Noticed a cyan ugly thing
 10641 | D:12     | Killed a cyan ugly thing
 10847 | D:12     | Reached ** piety under Beogh
 11043 | D:12     | Noticed a two-headed ogre
 11050 | D:12     | Killed a two-headed ogre
 11206 | D:12     | Reached XP level 12. HP: 104/104 MP: 12/12
 11492 | D:13     | Reached skill level 5 in Throwing
 11510 | D:13     | Noticed a tengu warrior
 11526 | D:13     | Killed a tengu warrior
 11526 | D:13     | Reached skill level 10 in Shields
 11691 | D:13     | Found a gate to the Vaults.
 11691 | D:13     | Noticed a vault guard
 11691 | D:13     | Noticed a vault guard
 11691 | D:13     | Noticed a vault guard
 11693 | D:13     | Noticed a vault guard
 11711 | D:13     | Killed a vault guard
 11946 | D:13     | Killed a vault guard
 11946 | D:13     | Reached skill level 15 in Axes
 12257 | D:13     | Killed a vault guard
 12286 | D:13     | Killed a vault guard
 12777 | D:14     | Noticed an eight-headed hydra
 12789 | D:14     | Killed an eight-headed hydra
 12789 | D:14     | Reached skill level 10 in Fighting
 12838 | D:14     | Noticed Azrael
 12842 | D:14     | Reached *** piety under Beogh
 12855 | D:14     | Killed Azrael
 12885 | D:14     | Found an iron altar of Okawaru.
 12894 | D:14     | Noticed a two-headed ogre
 12905 | D:14     | Killed a two-headed ogre
 12905 | D:14     | Reached XP level 13. HP: 89/114 MP: 13/13
 12984 | D:14     | Reached skill level 16 in Axes
 12989 | D:14     | Reached skill level 1 in Evocations
 13003 | D:14     | Reached skill level 5 in Dodging
 13298 | D:15     | Entered Level 15 of the Dungeon
 13337 | D:15     | HP: 1/114 [skeletal warrior/enchanted glaive[a skeletal warrior] (25)]
 13337 | D:15     | Slain by a skeletal warrior

Skill      XL: |  1  2  3  4  5  6  7  8  9 10 11 12 13 |
---------------+----------------------------------------+-----
Fighting       | 4 5 6 8 9 10 | 10.7
Axes           | 3 4 6 7 9 11 13 14 15 16 | 16.3
Shields        | 4 5 6 7 8 9 10 11 | 11.1
Armour         | 4 5 6 7 8 |  8.4
Dodging        | 1 2 3 4 5 |  5.1
Throwing       | 1 2 4 5 |  5.9
Stealth        | 1 2 3 |  3.5
Evocations     | 1 |  1.1

Action                   |  1- 3 |  4- 6 |  7- 9 | 10-12 | 13-15 || total
-------------------------+-------+-------+-------+-------+-------++-------
Melee: War axe           |   103 |    90 |   387 |   535 |    62 ||  1177
Throw: Tomahawk          |       |     2 |    15 |   135 |       ||   152
       Javelin           |       |       |       |    19 |       ||    19
Invok: Convert to Beogh  |       |       |       |     1 |       ||     1
Evoke: Wand              |       |       |       |     8 |       ||     8
  Use: Scroll            |     5 |     3 |    11 |    22 |       ||    41
       Potion            |     1 |     2 |     7 |    11 |     1 ||    22
 Stab: Sleeping          |       |       |     6 |     8 |       ||    14
       Distracted        |       |       |     1 |       |       ||     1
  Eat: Chunk             |       |     4 |    10 |    12 |     1 ||    27
       Fruit             |       |       |     2 |     5 |       ||     7
       Meat ration       |       |       |     1 |     1 |       ||     2
Armor: Scale mail        |    40 |    29 |    85 |       |       ||   154
       Skin              |       |       |     6 |       |       ||     6
       Ring mail         |       |       |    45 |   202 |    13 ||   260
Dodge: Dodged            |    27 |    27 |   135 |   174 |    23 ||   386
Block: Shield            |    60 |    32 |   228 |   320 |    63 ||   703
